[Event "GambitGuide"]
[Site "Internet Chess Club"]
[Date "2014.10.30"]
[Round "1"]
[White "JSBach"]
[Black "chigato"]
[Result "1/2-1/2"]
[ICCResult "Game drawn by repetition"]
[WhiteElo "1651"]
[BlackElo "1678"]
[Opening "Vienna: `Frankenstein-Dracula' variation"]
[ECO "C27"]
[NIC "VG.02"]
[Time "17:24:15"]
[TimeControl "120+12"]

1. e4 e5 2. Nc3 Nf6 3. Bc4 Nxe4 4. Qh5 Nd6 5. Bb3 Nc6 6. Nb5 g6 7. Qf3 f5 8.
Qd5 Qe7 9. Nxc7+ Kd8 10. Nxa8 b6 11. Ba4 Bb7 12. Nxb6 axb6 13. Qb3 Kc7 14.
Ne2 Na5 15. Qh3 b5 16. Bb3 Nac4 17. a4 bxa4 18. Rxa4 Bg7 19. Bxc4 Nxc4 20.
Rxc4+ Bc6 21. Qb3 Rb8 22. Qe3 f4 23. Qa7+ Rb7 24. Qa8 Rb8 25. Qa7+ Rb7 26.
Qa8 Rb8 27. Qa7+ Rb7 28. Qa8 Rb8 29. Qa7+ Rb7 30. Qa8 {Game drawn by
repetition} 1/2-1/2

[Event "GambitGuide"]
[Site "Internet Chess Club"]
[Date "2014.10.30"]
[Round "1"]
[White "JSBach"]
[Black "Jospa"]
[Result "1-0"]
[ICCResult "Black checkmated"]
[WhiteElo "1651"]
[BlackElo "1102"]
[Opening "Vienna: `Frankenstein-Dracula' variation"]
[ECO "C27"]
[NIC "VG.02"]
[Time "17:23:46"]
[TimeControl "120+12"]

1. e4 e5 2. Nc3 Nf6 3. Bc4 Nxe4 4. Qh5 Nd6 5. Bb3 Nc6 6. Nb5 g6 7. Qf3 f5 8.
Qd5 Qe7 9. Nxc7+ Kd8 10. Nxa8 b6 11. Ba4 b5 12. Bxb5 a6 13. Bxc6 dxc6 14.
Qxc6 Bd7 15. Qxa6 Ke8 16. Nb6 Kf7 17. Qa7 Qe6 18. Qxd7+ Qxd7 19. Nxd7 Be7
20. Nxe5+ Kf6 21. d4 Ne4 22. f3 Rc8 23. fxe4 fxe4 24. c4 Bb4+ 25. Kf2 Kf5
26. Be3 g5 27. a4 g4 28. Rf1 Ke6 29. b3 Bc3 30. Ne2 Bb2 31. Nxg4 Ba3 32. c5
Rf8+ 33. Kg3 Rg8 34. Rf6+ Ke7 35. Rf4 h5 36. Rxe4+ Kd7 37. Ra1 Bb4 38. d5
hxg4 39. Rxb4 Ke7 40. a5 Kf6 41. d6 Ke5 42. a6 Ra8 43. d7 Rd8 44. a7 Rxd7
45. a8=Q Rd8 46. Qe4+ Kf6 47. Rf1+ Kg7 48. Rb7+ Kh8 49. Qh7# {Black
checkmated} 1-0

[Event "GambitGuide"]
[Site "Internet Chess Club"]
[Date "2014.10.30"]
[Round "1"]
[White "JSBach"]
[Black "Zheus"]
[Result "1-0"]
[ICCResult "Black resigns"]
[WhiteElo "1651"]
[BlackElo "2019"]
[Opening "Vienna: `Frankenstein-Dracula' variation"]
[ECO "C27"]
[NIC "VG.02"]
[Time "17:23:08"]
[TimeControl "120+12"]

1. e4 e5 2. Nc3 Nf6 3. Bc4 Nxe4 4. Qh5 Nd6 5. Bb3 Nc6 6. Nb5 g6 7. Qf3 f5 8.
Qd5 Qe7 9. Nxc7+ Kd8 10. Nxa8 b6 11. Ba4 Bb7 12. Nxb6 axb6 13. Qb3 b5 14.
Nf3 bxa4 15. Qxa4 Nd4 16. Nxd4 exd4+ 17. Kf1 Qe4 18. f3 Qc6 19. Qxd4 Ba6+
20. Ke1 Bg7 21. Qxg7 Re8+ 22. Kf2 Qc5+ 23. Kg3 f4+ 24. Kxf4 Qf5+ 25. Kg3
Qg5+ 26. Kh3 Qh5+ 27. Kg3 Qg5+ 28. Kh3 Qh5+ 29. Kg3 Nf5+ 30. Kf4 Qh4+ 31. g4
d5 32. Qxh7 Re4+ 33. fxe4 Qf2+ 34. Kg5 {Black resigns} 1-0

[Event "GambitGuide"]
[Site "Internet Chess Club"]
[Date "2014.10.30"]
[Round "1"]
[White "JSBach"]
[Black "escorpionx"]
[Result "1-0"]
[ICCResult "Black resigns"]
[WhiteElo "1651"]
[BlackElo "1400"]
[Opening "Vienna: `Frankenstein-Dracula' variation"]
[ECO "C27"]
[NIC "VG.02"]
[Time "17:23:48"]
[TimeControl "120+12"]

1. e4 e5 2. Nc3 Nf6 3. Bc4 Nxe4 4. Qh5 Nd6 5. Bb3 Nc6 6. Nb5 g6 7. Qf3 f5 8.
Qd5 Qe7 9. Nxc7+ Kd8 10. Nxa8 b6 11. Ba4 Bb7 12. Nxb6 axb6 13. Qb3 Kc7 14.
Ne2 Ne4 15. c4 Nc5 16. Qa3 Nxa4 17. Qxa4 Qb4 18. Qxb4 Bxb4 19. h4 h5 20. a3
Be7 21. Rh2 Ra8 22. Nc3 Nd4 23. Kf1 Ba6 24. Nd5+ Kd8 25. d3 Nb3 26. Rb1 Bc5
27. Bg5+ Ke8 28. Nc7+ {Black resigns} 1-0

[Event "GambitGuide"]
[Site "Internet Chess Club"]
[Date "2014.10.30"]
[Round "1"]
[White "JSBach"]
[Black "Stone-Castle"]
[Result "1-0"]
[ICCResult "Black resigns"]
[WhiteElo "1651"]
[BlackElo "1649"]
[Opening "Vienna: `Frankenstein-Dracula' variation"]
[ECO "C27"]
[NIC "VG.02"]
[Time "17:23:40"]
[TimeControl "120+12"]

1. e4 e5 2. Nc3 Nf6 3. Bc4 Nxe4 4. Qh5 Nd6 5. Bb3 Nc6 6. Nb5 g6 7. Qf3 f5 8.
Qd5 Qe7 9. Nxc7+ Kd8 10. Nxa8 b6 11. Ba4 Bb7 12. Nxb6 axb6 13. Qb3 b5 14.
Ne2 Bg7 15. Bxb5 Nd4 16. Nxd4 exd4+ 17. Kf1 Nxb5 18. Qxb5 Re8 19. Kg1 Qe1+
20. Qf1 d3 21. cxd3 Ba6 22. g3 Bxd3 23. Qxe1 Rxe1+ 24. Kg2 Be4+ 25. f3 Bxf3+
26. Kxf3 Rxh1 27. Kg2 Rf1 28. Kxf1 {Black resigns} 1-0

[Event "GambitGuide"]
[Site "Internet Chess Club"]
[Date "2014.10.30"]
[Round "1"]
[White "JSBach"]
[Black "Bleeksk"]
[Result "1-0"]
[ICCResult "Black resigns"]
[WhiteElo "1651"]
[BlackElo "1932"]
[Opening "Vienna: `Frankenstein-Dracula' variation"]
[ECO "C27"]
[NIC "VG.02"]
[Time "17:23:15"]
[TimeControl "120+12"]

1. e4 e5 2. Nc3 Nf6 3. Bc4 Nxe4 4. Qh5 Nd6 5. Bb3 Nc6 6. Nb5 g6 7. Qf3 f5 8.
Qd5 Qe7 9. Nxc7+ Kd8 10. Nxa8 b6 11. Ba4 Bb7 12. Nxb6 axb6 13. Qb3 b5 14.
Nf3 bxa4 15. Qxa4 Bg7 16. O-O Kc7 17. Re1 Ra8 18. Qb3 e4 19. d3 Qf6 20. Ng5
Nd4 21. Qc3+ Kd8 22. Nxh7 Qe5 23. Bg5+ Ke8 24. f4 Qd5 25. Nf6+ Bxf6 26. Bxf6
Rc8 27. Qxd4 Qxd4+ 28. Bxd4 Rxc2 29. a4 Kf7 30. dxe4 Bxe4 31. g3 Rg2+ 32.
Kf1 Nc4 33. Rxe4 Rxh2 34. Kg1 Rd2 35. Rc1 fxe4 36. Rxc4 d5 37. Rb4 Rd3 38.
Kf2 Rf3+ 39. Kg2 Rd3 40. b3 Ke6 41. Rb6+ Kf5 42. Rf6+ {Black resigns} 1-0

[Event "GambitGuide"]
[Site "Internet Chess Club"]
[Date "2014.10.30"]
[Round "1"]
[White "JSBach"]
[Black "Lazydaze"]
[Result "1-0"]
[ICCResult "Black resigns"]
[WhiteElo "1651"]
[BlackElo "1522"]
[Opening "Vienna: `Frankenstein-Dracula' variation"]
[ECO "C27"]
[NIC "VG.02"]
[Time "17:24:15"]
[TimeControl "120+12"]

1. e4 e5 2. Nc3 Nf6 3. Bc4 Nxe4 4. Qh5 Nd6 5. Bb3 Nc6 6. Nb5 g6 7. Qf3 f5 8.
Qd5 Qe7 9. Nxc7+ Kd8 10. Nxa8 b6 11. Ba4 Bb7 12. Nxb6 axb6 13. Qb3 Nc8 14.
Qf3 e4 15. Qc3 Rg8 16. Qc4 Bg7 17. Qxg8+ {Black resigns} 1-0

[Event "GambitGuide"]
[Site "Internet Chess Club"]
[Date "2014.10.30"]
[Round "1"]
[White "JSBach"]
[Black "zigzag2002"]
[Result "1-0"]
[ICCResult "Black resigns"]
[WhiteElo "1651"]
[BlackElo "1937"]
[Opening "Vienna: `Frankenstein-Dracula' variation"]
[ECO "C27"]
[NIC "VG.02"]
[Time "17:25:02"]
[TimeControl "120+12"]

1. e4 e5 2. Nc3 Nf6 3. Bc4 Nxe4 4. Qh5 Nd6 5. Bb3 Nc6 6. Nb5 g6 7. Qf3 f5 8.
Qd5 Qe7 9. Nxc7+ Kd8 10. Nxa8 b6 11. Ba4 Bb7 12. Nxb6 axb6 13. Qb3 Kc7 14.
Ne2 Bg7 15. Nc3 Nd4 16. Nd5+ Bxd5 17. Qxd5 Qe6 18. Qxe6 dxe6 19. c3 Nc6 20.
d3 b5 21. Bb3 Re8 22. f3 h5 23. c4 Nb4 24. cxb5 Nxd3+ 25. Ke2 Nc5 26. Be3
Nxb3 27. b6+ Kb7 28. axb3 f4 29. Ra7+ Kb8 30. Rxg7 {Black resigns} 1-0

[Event "GambitGuide"]
[Site "Internet Chess Club"]
[Date "2014.10.30"]
[Round "1"]
[White "JSBach"]
[Black "Dagnabit"]
[Result "1-0"]
[ICCResult "Black resigns"]
[WhiteElo "1651"]
[BlackElo "1333"]
[Opening "Vienna: `Frankenstein-Dracula' variation"]
[ECO "C27"]
[NIC "VG.02"]
[Time "17:22:18"]
[TimeControl "120+12"]

1. e4 e5 2. Nc3 Nf6 3. Bc4 Nxe4 4. Qh5 Nd6 5. Bb3 Nc6 6. Nb5 g6 7. Qf3 f5 8.
Qd5 Qe7 9. Nxc7+ Kd8 10. Nxa8 b6 11. Ba4 Bb7 12. Nxb6 axb6 13. Qb3 Nd4 14.
Qxb6+ Ke8 15. Kf1 Bg7 16. c3 Nc6 17. Bb3 Qd8 18. Qxd8+ Nxd8 19. a4 Nc6 20.
Bd5 Ke7 21. d3 e4 22. Bg5+ Bf6 23. Bxf6+ Kxf6 24. dxe4 Nxe4 25. f3 Ba6+ 26.
Ke1 Nc5 27. b4 Re8+ 28. Kd2 Nb7 29. b5 Bxb5 30. axb5 {Black resigns} 1-0

[Event "GambitGuide"]
[Site "Internet Chess Club"]
[Date "2014.10.30"]
[Round "1"]
[White "JSBach"]
[Black "Stone-Castle"]
[Result "1-0"]
[ICCResult "Black resigns"]
[WhiteElo "1651"]
[BlackElo "1649"]
[Opening "Vienna: `Frankenstein-Dracula' variation"]
[ECO "C27"]
[NIC "VG.02"]
[Time "17:25:22"]
[TimeControl "120+12"]

1. e4 e5 2. Nc3 Nf6 3. Bc4 Nxe4 4. Qh5 Nd6 5. Bb3 Nc6 6. Nb5 g6 7. Qf3 f5 8.
Qd5 Qe7 9. Nxc7+ Kd8 10. Nxa8 b6 11. Ba4 Bb7 12. Nxb6 axb6 13. Qb3 b5 14.
Nf3 Bg7 15. Bxb5 Nxb5 16. Qxb5 Nd4 17. Nxd4 exd4+ 18. Kf1 Re8 19. Kg1 Qe1+
20. Qf1 d3 21. cxd3 Ba6 22. g3 Bxd3 23. Qxe1 Rxe1+ 24. Kg2 Be4+ 25. f3 Bxf3+
26. Kxf3 Rxh1 27. Kg2 Rd1 28. Kf3 Bxb2 29. Bxb2 {Black resigns} 1-0

[Event "GambitGuide"]
[Site "Internet Chess Club"]
[Date "2014.10.30"]
[Round "1"]
[White "JSBach"]
[Black "escorpionx"]
[Result "1-0"]
[ICCResult "Black resigns"]
[WhiteElo "1651"]
[BlackElo "1400"]
[Opening "Vienna: `Frankenstein-Dracula' variation"]
[ECO "C27"]
[NIC "VG.02"]
[Time "17:25:17"]
[TimeControl "120+12"]

1. e4 e5 2. Nc3 Nf6 3. Bc4 Nxe4 4. Qh5 Nd6 5. Bb3 Nc6 6. Nb5 g6 7. Qf3 f5 8.
Qd5 Qe7 9. Nxc7+ Kd8 10. Nxa8 b6 11. Ba4 Bb7 12. Nxb6 axb6 13. Qb3 Kc7 14.
Ne2 Ne4 15. Qb5 Nc5 16. O-O Bg7 17. Nc3 Qd6 18. Re1 Nd4 19. Qc4 Ba6 20. Qf7
Bh6 21. Bb3 Bb7 22. Bc4 Nxc2 23. Nb5+ {Black resigns} 1-0

[Event "GambitGuide"]
[Site "Internet Chess Club"]
[Date "2014.10.30"]
[Round "1"]
[White "JSBach"]
[Black "Lazydaze"]
[Result "1-0"]
[ICCResult "Black resigns"]
[WhiteElo "1651"]
[BlackElo "1522"]
[Opening "Vienna: `Frankenstein-Dracula' variation"]
[ECO "C27"]
[NIC "VG.02"]
[Time "17:25:43"]
[TimeControl "120+12"]

1. e4 e5 2. Nc3 Nf6 3. Bc4 Nxe4 4. Qh5 Nd6 5. Bb3 Nc6 6. Nb5 g6 7. Qf3 f5 8.
Qd5 Qe7 9. Nxc7+ Kd8 10. Nxa8 b6 11. Ba4 Bb7 12. Nxb6 axb6 13. Qb3 Nc8 14.
Ne2 Nd4 15. Nxd4 exd4+ 16. Kf1 Ba6+ 17. Bb5 Bxb5+ 18. Qxb5 Bg7 19. f3 Re8
20. g3 Qe1+ 21. Kg2 Re2+ 22. Kh3 Qxh1 23. Qxe2 g5 24. d3 Nd6 25. Bxg5+ Kc8
26. Rxh1 {Black resigns} 1-0

[Event "GambitGuide"]
[Site "Internet Chess Club"]
[Date "2014.10.30"]
[Round "1"]
[White "JSBach"]
[Black "Zheus"]
[Result "0-1"]
[ICCResult "White checkmated"]
[WhiteElo "1651"]
[BlackElo "2019"]
[Opening "Vienna: `Frankenstein-Dracula' variation"]
[ECO "C27"]
[NIC "VG.02"]
[Time "17:25:23"]
[TimeControl "120+12"]

1. e4 e5 2. Nc3 Nf6 3. Bc4 Nxe4 4. Qh5 Nd6 5. Bb3 Nc6 6. Nb5 g6 7. Qf3 f5 8.
Qd5 Qe7 9. Nxc7+ Kd8 10. Nxa8 b6 11. Ba4 Bb7 12. Nxb6 axb6 13. Qb3 b5 14.
Nf3 bxa4 15. Qxa4 Nd4 16. Nxd4 exd4+ 17. Kf1 Qe4 18. f3 Qc6 19. Qxd4 Ba6+
20. Ke1 Bg7 21. Qxg7 Re8+ 22. Kf2 Qc5+ 23. Kg3 f4+ 24. Kxf4 Qf5+ 25. Kg3
Qg5+ 26. Kh3 Qh5+ 27. Kg3 Nf5+ 28. Kf4 Qh4+ 29. g4 Nxg7 30. b4 g5#
{White checkmated}
0-1

[Event "GambitGuide"]
[Site "Internet Chess Club"]
[Date "2014.10.30"]
[Round "1"]
[White "JSBach"]
[Black "escorpionx"]
[Result "1-0"]
[ICCResult "Black resigns"]
[WhiteElo "1651"]
[BlackElo "1400"]
[Opening "Vienna: `Frankenstein-Dracula' variation"]
[ECO "C27"]
[NIC "VG.02"]
[Time "17:26:32"]
[TimeControl "120+12"]

1. e4 e5 2. Nc3 Nf6 3. Bc4 Nxe4 4. Qh5 Nd6 5. Bb3 Nc6 6. Nb5 g6 7. Qf3 f5 8.
Qd5 Qe7 9. Nxc7+ Kd8 10. Nxa8 b6 11. Ba4 Bb7 12. Nxb6 axb6 13. Qb3 Kc7 14.
Ne2 Ne4 15. Qb5 Nc5 16. O-O Bh6 17. Nc3 Nd4 18. Qb4 Ra8 19. Re1 d5 20. Qxd4
{Black resigns}
1-0

[Event "GambitGuide"]
[Site "Internet Chess Club"]
[Date "2014.10.30"]
[Round "1"]
[White "JSBach"]
[Black "escorpionx"]
[Result "1-0"]
[ICCResult "Black resigns"]
[WhiteElo "1651"]
[BlackElo "1400"]
[Opening "Vienna: `Frankenstein-Dracula' variation"]
[ECO "C27"]
[NIC "VG.02"]
[Time "17:27:16"]
[TimeControl "120+12"]

1. e4 e5 2. Nc3 Nf6 3. Bc4 Nxe4 4. Qh5 Nd6 5. Bb3 Nc6 6. Nb5 g6 7. Qf3 f5 8.
Qd5 Qe7 9. Nxc7+ Kd8 10. Nxa8 b6 11. Ba4 Bb7 12. Nxb6 axb6 13. Qb3 Kc7 14.
Ne2 Bh6 15. d3 e4 16. Bxh6 {Black resigns} 1-0

[Event "GambitGuide"]
[Site "Internet Chess Club"]
[Date "2014.10.30"]
[Round "1"]
[White "JSBach"]
[Black "Stone-Castle"]
[Result "1-0"]
[ICCResult "Black resigns"]
[WhiteElo "1651"]
[BlackElo "1649"]
[Opening "Vienna: `Frankenstein-Dracula' variation"]
[ECO "C27"]
[NIC "VG.02"]
[Time "17:26:25"]
[TimeControl "120+12"]

1. e4 e5 2. Nc3 Nf6 3. Bc4 Nxe4 4. Qh5 Nd6 5. Bb3 Nc6 6. Nb5 g6 7. Qf3 f5 8.
Qd5 Qe7 9. Nxc7+ Kd8 10. Nxa8 b6 11. Ba4 Bb7 12. Nxb6 axb6 13. Qb3 b5 14.
Nf3 Bg7 15. Bxb5 Nxb5 16. Qxb5 Nd4 17. Nxd4 exd4+ 18. Kf1 Re8 19. Kg1 Qe1+
20. Qf1 d3 21. cxd3 Ba6 22. g3 Bxd3 23. Qxe1 Rxe1+ 24. Kg2 Be4+ 25. f3 Bxf3+
26. Kxf3 Rxh1 27. Kg2 Rd1 28. Kf3 Bh6 29. Ke2 Rh1 30. h4 Rh3 31. Kf2 Rh2+
32. Kg1 Re2 33. Kf1 Re6 34. a4 Rb6 35. a5 Rb8 36. a6 Ra8 37. b4 Kc7 38. d4
Kb6 39. Bxh6 {Black resigns} 1-0

[Event "GambitGuide"]
[Site "Internet Chess Club"]
[Date "2014.10.30"]
[Round "1"]
[White "JSBach"]
[Black "cherry"]
[Result "1-0"]
[ICCResult "Black resigns"]
[WhiteElo "1651"]
[BlackElo "1400"]
[Opening "Vienna: `Frankenstein-Dracula' variation"]
[ECO "C27"]
[NIC "VG.02"]
[Time "17:24:42"]
[TimeControl "120+12"]

1. e4 e5 2. Nc3 Nf6 3. Bc4 Nxe4 4. Qh5 Nd6 5. Bb3 Nc6 6. Nb5 g6 7. Qf3 f5 8.
Qd5 Qe7 9. Nxc7+ Kd8 10. Nxa8 b6 11. Ba4 Bb7 12. Nxb6 axb6 13. Qb3 Ne4 14.
Qxb6+ Kc8 15. Bxc6 Bxc6 16. Nf3 Qd8 17. Qxd8+ Kxd8 18. Nxe5 Bc5 19. Nf7+ Ke8
20. Nxh8 Bxf2+ 21. Kd1 Bd4 22. Re1 Bxh8 23. d3 Kf8 24. dxe4 Bxe4 25. g3 Bf3+
26. Kd2 Bd4 27. a4 {Black resigns} 1-0

[Event "GambitGuide"]
[Site "Internet Chess Club"]
[Date "2014.10.30"]
[Round "1"]
[White "JSBach"]
[Black "dnmuscg"]
[Result "1-0"]
[ICCResult "Black resigns"]
[WhiteElo "1651"]
[BlackElo "1659"]
[Opening "Vienna: `Frankenstein-Dracula' variation"]
[ECO "C27"]
[NIC "VG.02"]
[Time "17:26:25"]
[TimeControl "120+12"]

1. e4 e5 2. Nc3 Nf6 3. Bc4 Nxe4 4. Qh5 Nd6 5. Bb3 Nc6 6. Nb5 g6 7. Qf3 f5 8.
Qd5 Qe7 9. Nxc7+ Kd8 10. Nxa8 b6 11. Ba4 Bb7 12. Nxb6 axb6 13. Qb3 Kc7 14.
Ne2 Bg7 15. O-O h5 16. f4 e4 17. Re1 h4 18. Qe3 h3 19. Nc3 Nc4 20. Nd5+ Kd6
21. Nxe7 Nxe3 22. Rxe3 Kxe7 23. Rxh3 Rxh3 24. gxh3 Bd4+ 25. Kg2 e3 26. dxe3
Nb4+ 27. Kg3 Bf6 28. a3 Nd5 29. h4 {Black resigns} 1-0

[Event "GambitGuide"]
[Site "Internet Chess Club"]
[Date "2014.10.30"]
[Round "1"]
[White "JSBach"]
[Black "raller"]
[Result "0-1"]
[ICCResult "White checkmated"]
[WhiteElo "1651"]
[BlackElo "1927"]
[Opening "Vienna: `Frankenstein-Dracula' variation"]
[ECO "C27"]
[NIC "VG.02"]
[Time "17:26:31"]
[TimeControl "120+12"]

1. e4 e5 2. Nc3 Nf6 3. Bc4 Nxe4 4. Qh5 Nd6 5. Bb3 Nc6 6. Nb5 g6 7. Qf3 f5 8.
Qd5 Qe7 9. Nxc7+ Kd8 10. Nxa8 b6 11. Ba4 Bb7 12. Nxb6 axb6 13. Qb3 b5 14.
Nf3 bxa4 15. Qxa4 e4 16. Nd4 Nxd4 17. Qxd4 Bg7 18. Qc5 Qe6 19. O-O Be5 20.
f4 exf3 21. gxf3 Qf6 22. Qb6+ Ke7 23. Re1 Kf7 24. Qc7 Qg5+ 25. Kf1 Bxf3 26.
Qxd7+ Kf6 27. Re2 Bxe2+ 28. Kxe2 Qg2+ 29. Ke1 Re8 30. c3 Qf3 31. Qxe8 Nxe8
32. d4 Bxh2 33. a4 Bg3+ 34. Kd2 Nd6 35. Kc2 Qe2+ 36. Bd2 Nc4 37. Rg1 Qxd2+
38. Kb3 Qxb2+ 39. Kxc4 Bf4 40. Rh1 h5 41. Kd3 Qa2 42. Rh4 Bg5 43. Rh1 Qxa4
44. Rb1 Qa2 45. Rb6+ Kg7 46. Rb7+ Kh6 47. Rb6 Qg2 48. Kc4 Qe2+ 49. Kd5 Qe4+
50. Kc4 h4 51. Rb8 h3 52. Rh8+ Kg7 53. Rxh3 Qe2+ 54. Rd3 f4 55. d5 f3 56.
Kd4 f2 57. Rg3 f1=Q 58. Kc5 Qc4+ 59. Kd6 Qf6+ 60. Kd7 Qxd5+ 61. Kc8 Qfd8#
{White checkmated}
0-1

[Event "GambitGuide"]
[Site "Internet Chess Club"]
[Date "2014.10.30"]
[Round "1"]
[White "JSBach"]
[Black "Zheus"]
[Result "0-1"]
[ICCResult "White checkmated"]
[WhiteElo "1651"]
[BlackElo "2019"]
[Opening "Vienna: `Frankenstein-Dracula' variation"]
[ECO "C27"]
[NIC "VG.02"]
[Time "17:28:34"]
[TimeControl "120+12"]

1. e4 e5 2. Nc3 Nf6 3. Bc4 Nxe4 4. Qh5 Nd6 5. Bb3 Nc6 6. Nb5 g6 7. Qf3 f5 8.
Qd5 Qe7 9. Nxc7+ Kd8 10. Nxa8 b6 11. Ba4 Bb7 12. Nxb6 axb6 13. Qb3 b5 14.
Nf3 bxa4 15. Qxa4 Nd4 16. Nxd4 exd4+ 17. Kf1 Qe4 18. f3 Qc6 19. Qxd4 Ba6+
20. Ke1 Bg7 21. Qxg7 Re8+ 22. Kf2 Qc5+ 23. Kg3 f4+ 24. Kxf4 Qf5+ 25. Kg3
Qg5+ 26. Kh3 Qh5+ 27. Kg3 Nf5+ 28. Kf4 Qh4+ 29. g4 Nxg7 30. a4 g5#
{White checkmated}
0-1

[Event "GambitGuide"]
[Site "Internet Chess Club"]
[Date "2014.10.30"]
[Round "1"]
[White "JSBach"]
[Black "Lazydaze"]
[Result "1-0"]
[ICCResult "Black checkmated"]
[WhiteElo "1651"]
[BlackElo "1522"]
[Opening "Vienna: `Frankenstein-Dracula' variation"]
[ECO "C27"]
[NIC "VG.02"]
[Time "17:26:44"]
[TimeControl "120+12"]

1. e4 e5 2. Nc3 Nf6 3. Bc4 Nxe4 4. Qh5 Nd6 5. Bb3 Nc6 6. Nb5 g6 7. Qf3 f5 8.
Qd5 Qe7 9. Nxc7+ Kd8 10. Nxa8 b6 11. Ba4 Bb7 12. Nxb6 axb6 13. Qb3 Nc8 14.
Ne2 Nd4 15. Nxd4 exd4+ 16. Kf1 Bh6 17. Qc4 Re8 18. Kg1 Bd5 19. Qf1 Nd6 20.
d3 Bxc1 21. Qxc1 b5 22. Qd2 bxa4 23. Qa5+ Kc8 24. Qa6+ Bb7 25. Qa5 Kb8 26.
Qb4 Qe5 27. Rb1 Nf7 28. b3 Ng5 29. bxa4 f4 30. Qxb7# {Black checkmated} 1-0

[Event "GambitGuide"]
[Site "Internet Chess Club"]
[Date "2014.10.30"]
[Round "1"]
[White "JSBach"]
[Black "nowon2u"]
[Result "1-0"]
[ICCResult "Black resigns"]
[WhiteElo "1651"]
[BlackElo "1165"]
[Opening "Vienna: `Frankenstein-Dracula' variation"]
[ECO "C27"]
[NIC "VG.02"]
[Time "17:23:43"]
[TimeControl "120+12"]

1. e4 e5 2. Nc3 Nf6 3. Bc4 Nxe4 4. Qh5 Nd6 5. Bb3 Nc6 6. Nb5 g6 7. Qf3 f5 8.
Qd5 Qe7 9. Nxc7+ Kd8 10. Nxa8 b6 11. Ba4 Bb7 12. Nxb6 axb6 13. Qb3 Kc7 14.
Nf3 Nd4 15. Nxd4 exd4+ 16. Kf1 Qe6 17. Qd3 Qc4 18. Qxc4+ Nxc4 19. f3 Bc6 20.
Bb3 Na5 21. Bf7 d5 22. Kf2 Bd6 23. Be6 Re8 24. Re1 Bf4 25. d3 Bxc1 26. Raxc1
Kd6 27. Bf7 Re7 28. Bg8 Rg7 29. Be6 Re7 30. Bg8 Rg7 31. Be6 Re7 32. Bg8 Rg7
33. Be6 Re7 34. Bc8 Re8 35. Rxe8 Bxe8 36. f4 Kc7 37. Be6 Kd6 38. Re1 Bd7 39.
Bxd7 Kxd7 40. g3 Kd6 41. a3 Nc6 42. h3 Ne7 43. a4 Nc6 44. Ke2 Nb4 45. Kd2
Nc6 46. Ke2 Ne7 47. Kf2 Nc6 48. Kf3 Nb4 49. Re2 Na6 50. Re5 Nc5 51. b3 Na6
52. Kf2 Nb4 53. Re2 Nc6 54. Re8 h5 55. Re2 Nb4 56. Kg2 Nc6 57. Kf3 Ne7 58.
h4 Nc6 59. Re8 Ne7 60. Rd8+ Kc7 61. Rf8 Kd6 62. Rf6+ Kd7 63. Rxb6 Nc6 64. b4
Kc7 65. a5 Kd7 66. a6 Kc7 67. Rb7+ Kc8 68. Rg7 Nxb4 69. a7 {Black resigns}
1-0

[Event "GambitGuide"]
[Site "Internet Chess Club"]
[Date "2014.10.30"]
[Round "1"]
[White "JSBach"]
[Black "escorpionx"]
[Result "1-0"]
[ICCResult "Black resigns"]
[WhiteElo "1651"]
[BlackElo "1400"]
[Opening "Vienna: `Frankenstein-Dracula' variation"]
[ECO "C27"]
[NIC "VG.02"]
[Time "17:27:44"]
[TimeControl "120+12"]

1. e4 e5 2. Nc3 Nf6 3. Bc4 Nxe4 4. Qh5 Nd6 5. Bb3 Nc6 6. Nb5 g6 7. Qf3 f5 8.
Qd5 Qe7 9. Nxc7+ Kd8 10. Nxa8 b6 11. Ba4 Bb7 12. Nxb6 axb6 13. Qb3 Kc7 14.
Ne2 Ne4 15. d3 Nc5 16. Qa3 Qh4 17. Bxc6 Bxc6 18. Qa7+ Bb7 19. Nc3 Kc6 20.
O-O Bd6 21. g3 Qh3 22. Qa3 Ra8 23. Qb4 Kc7 24. f3 e4 25. Nb5+ Kc6 26. Nxd6
Kxd6 27. Qxb6+ Ke7 28. Qxc5+ Kd8 29. Bg5+ {Black resigns} 1-0

[Event "GambitGuide"]
[Site "Internet Chess Club"]
[Date "2014.10.30"]
[Round "1"]
[White "JSBach"]
[Black "dnmuscg"]
[Result "1-0"]
[ICCResult "Black resigns"]
[WhiteElo "1651"]
[BlackElo "1659"]
[Opening "Vienna: `Frankenstein-Dracula' variation"]
[ECO "C27"]
[NIC "VG.02"]
[Time "17:28:46"]
[TimeControl "120+12"]

1. e4 e5 2. Nc3 Nf6 3. Bc4 Nxe4 4. Qh5 Nd6 5. Bb3 Nc6 6. Nb5 g6 7. Qf3 f5 8.
Qd5 Qe7 9. Nxc7+ Kd8 10. Nxa8 b6 11. Ba4 Bb7 12. Nxb6 axb6 13. Qb3 Kc7 14.
Ne2 Bg7 15. Nc3 Ba6 16. Nd5+ {Black resigns} 1-0

[Event "GambitGuide"]
[Site "Internet Chess Club"]
[Date "2014.10.30"]
[Round "1"]
[White "JSBach"]
[Black "Stone-Castle"]
[Result "1-0"]
[ICCResult "Black resigns"]
[WhiteElo "1651"]
[BlackElo "1649"]
[Opening "Vienna: `Frankenstein-Dracula' variation"]
[ECO "C27"]
[NIC "VG.02"]
[Time "17:27:49"]
[TimeControl "120+12"]

1. e4 e5 2. Nc3 Nf6 3. Bc4 Nxe4 4. Qh5 Nd6 5. Bb3 Nc6 6. Nb5 g6 7. Qf3 f5 8.
Qd5 Qe7 9. Nxc7+ Kd8 10. Nxa8 b6 11. Ba4 Bb7 12. Nxb6 axb6 13. Qb3 b5 14.
Nf3 Bg7 15. Bxb5 Nxb5 16. Qxb5 Nd4 17. Nxd4 exd4+ 18. Kf1 Re8 19. Kg1 Qe1+
20. Qf1 d3 21. cxd3 Ba6 22. g3 Bxd3 23. Qxe1 Rxe1+ 24. Kg2 Be4+ 25. f3 Bxf3+
26. Kxf3 Rxh1 27. Kg2 Rd1 28. Kf3 d5 29. a4 Kc7 30. a5 Kb7 31. Rb1 Bh6 32.
Ke2 Rh1 33. h4 Rh3 34. Kf2 Rh1 35. Ke2 Rxh4 36. gxh4 {Black resigns} 1-0

[Event "GambitGuide"]
[Site "Internet Chess Club"]
[Date "2014.10.30"]
[Round "1"]
[White "JSBach"]
[Black "Lazydaze"]
[Result "1-0"]
[ICCResult "Black resigns"]
[WhiteElo "1651"]
[BlackElo "1522"]
[Opening "Vienna: `Frankenstein-Dracula' variation"]
[ECO "C27"]
[NIC "VG.02"]
[Time "17:29:21"]
[TimeControl "120+12"]

1. e4 e5 2. Nc3 Nf6 3. Bc4 Nxe4 4. Qh5 Nd6 5. Bb3 Nc6 6. Nb5 g6 7. Qf3 f5 8.
Qd5 Qe7 9. Nxc7+ Kd8 10. Nxa8 b6 11. Ba4 Bb7 12. Nxb6 axb6 13. Qb3 Bh6 14.
d3 e4 15. Qxb6+ Ke8 16. Bxh6 {Black resigns} 1-0

[Event "GambitGuide"]
[Site "Internet Chess Club"]
[Date "2014.10.30"]
[Round "1"]
[White "JSBach"]
[Black "Zheus"]
[Result "1-0"]
[ICCResult "Black resigns"]
[WhiteElo "1651"]
[BlackElo "2019"]
[Opening "Vienna: `Frankenstein-Dracula' variation"]
[ECO "C27"]
[NIC "VG.02"]
[Time "17:29:07"]
[TimeControl "120+12"]

1. e4 e5 2. Nc3 Nf6 3. Bc4 Nxe4 4. Qh5 Nd6 5. Bb3 Nc6 6. Nb5 g6 7. Qf3 f5 8.
Qd5 Qe7 9. Nxc7+ Kd8 10. Nxa8 b6 11. Ba4 Bb7 12. Nxb6 axb6 13. Qb3 b5 14.
Nf3 bxa4 15. Qxa4 Nd4 16. Nxd4 exd4+ 17. Kf1 Qe4 18. f3 Qc6 19. Qxd4 Ba6+
20. d3 Rg8 21. Qh4+ Be7 22. Qxh7 Re8 23. c4 Qa4 24. b3 Qb4 25. Qg7 Bf6 26.
Qxf6+ {Black resigns} 1-0

[Event "GambitGuide"]
[Site "Internet Chess Club"]
[Date "2014.10.30"]
[Round "1"]
[White "JSBach"]
[Black "ShabShoral"]
[Result "1-0"]
[ICCResult "Black resigns"]
[WhiteElo "1651"]
[BlackElo "1400"]
[Opening "Vienna: `Frankenstein-Dracula' variation"]
[ECO "C27"]
[NIC "VG.02"]
[Time "17:29:21"]
[TimeControl "120+12"]

1. e4 e5 2. Nc3 Nf6 3. Bc4 Nxe4 4. Qh5 Nd6 5. Bb3 Nc6 6. Nb5 g6 7. Qf3 f5 8.
Qd5 Qe7 9. Nxc7+ Kd8 10. Nxa8 b6 11. Ba4 Bb7 12. Nxb6 Nb4 13. Qa5 Ne4 14.
Nd5+ Ke8 15. Nxe7 Kxe7 16. Qxe5+ Kd8 17. Qxh8 {Black resigns} 1-0